 Dungeon Crawl Stone Soup version 0.22-a0-93-g6b88ebb (webtiles) character file.

260 sankara the Sneak (level 5, -2/40 HPs)
             Began as a Draconian Enchanter on Jan 24, 2018.
             Slain by a worker ant (8 damage)
             ... on level 2 of the Dungeon.
             The game lasted 00:18:20 (3736 turns).

sankara the Sneak (Draconian Enchanter)             Turns: 3736, Time: 00:18:21

Health: -2/40      AC:  5    Str:  9 (10) XL:     5   Next: 95%
Magic:  6/10       EV: 11    Int: 13 (16) God:
Gold:   203        SH:  3    Dex: 10 (12) Spells: 1/10 levels left

rFire    . . .     SeeInvis .   a - +1 dagger
rCold    . . .     Gourm    .   p - +0 buckler
rNeg     . . .     Faith    .   (armour unavailable)
rPois    +         Spirit   .   (helmet restricted)
rElec    .         Reflect  .   (no cloak)
rCorr    .         Harm     .   (no gloves)
MR       .....                  (no boots)
Stlth    ++........             (no amulet)
HPRegen  0.13/turn              f - ring of poison resistance
MPRegen  0.12/turn              (no ring)

@: no status effects
A: unfitting armour, cold-blooded, AC +5
a: no special abilities


You were on level 2 of the Dungeon.
You were hungry.

You visited 1 branch of the dungeon, and saw 3 of its levels.

You collected 203 gold pieces.

Inventory:

Hand Weapons
 a - a +1 dagger (weapon)
 h - a +2 short sword of venom
 o - a +0 long sword
Missiles
 d - 100 stones (quivered)
 m - 16 poisoned needles
Armour
 p - a +0 buckler (worn)
Jewellery
 f - a ring of poison resistance (left hand)
 l - a cursed amulet of inaccuracy {unknown}
Wands
 n - a wand of digging (10)
 q - a wand of random effects (24)
Scrolls
 e - 2 scrolls of noise {unknown}
 g - a scroll of blinking {unknown}
 i - 2 scrolls of enchant weapon {unknown}
 k - 2 scrolls of identify {unknown}
Books
 b - a book of Maledictions

   Spells                             Type                      Level
   a - Corona                         Hexes                        1
   b - Ensorcelled Hibernation        Hexes/Ice                    2
   c - Confuse                        Hexes                        3
   d - Tukima's Dance                 Hexes                        3
   e - Dazzling Spray                 Conjuration/Hexes            3
Comestibles
 c - 4 rations
 j - 3 chunks of flesh


   Skills:
 + Level 1.2 Fighting
 - Level 1.0(1.2) Short Blades
 + Level 1.1(1.3) Long Blades
 - Level 1.7 Dodging
 + Level 4.1 Stealth
 + Level 0.4 Shields
 + Level 3.4 Spellcasting
 + Level 3.9 Hexes


You had one spell level left.
You knew the following spells:

 Your Spells              Type           Power        Failure   Level  Hunger
a - Corona                Hex            ##.....      7%          1    #......
b - Ensorcelled Hibernat  Hex/Ice        #.....       22%         2    ##.....
c - Confuse               Hex            ##......     21%         3    ###....
d - Tukima's Dance        Hex            ##......     21%         3    ###....


Dungeon Overview and Level Annotations

Branches:
Dungeon (3/15)

Altars:
Trog


Innate Abilities, Weirdness & Mutations

Your plain brown scales are hard. (AC +5)
You cannot fit into any form of body armour.
You are cold-blooded and may be slowed by cold attacks.


Message History

There is a stone staircase leading down here.
The worker ant bites you.
* * * LOW HITPOINT WARNING * * *
You block the worker ant's attack.
You aren't carrying any potions.
Okay, then.
Evoke which item? (* to show all) (? for menu, Esc to quit)
Aiming: Random Effects
Press: ? - help, Shift-Dir - straight line, f - worker ant
Aim: a worker ant The worker ant flickers and vanishes!
Deactivating autopickup; reactivate with Ctrl-A.
Something bites you but does no damage. x2
Evoke which item? (* to show all) (? for menu, Esc to quit)
Aiming: Random Effects
Press: ? - help, Shift-Dir - straight line Nothing appears to happen.
Something bites you.
* * * LOW HITPOINT WARNING * * *
Something bites you!
You die...

.....## #######...#.....#......
......#####.......##......#......
.......#.........................
...........###.######.....#......
........#####...# ###..#####.##
.......>...##...#####.).....##.#
........##..........<.......##.#
............#....###........#..#
......###......#@.##........#.##
......# #.#....##.##.>......#.#
....#.###.###..##...........#.#
.......##.# #.###...#########.#
........).###.....#.### #.#
.....#...........#....#######.#
..............................#
.....#######..........#########
...###.....#..........#


There were no monsters in sight!

Vanquished Creatures
  2 orc wizards (D:2)
  Natasha (thrice) (D:3)
  5 adders
  2 worms
  3 dart slugs
  6 leopard geckos
  5 orcs
  A ball python (D:3)
  6 giant cockroaches
  5 goblins
  4 hobgoblins
  A quokka (D:2)
  8 bats
  5 frilled lizards
  5 kobolds
  8 rats
69 creatures vanquished.

Notes
Turn   | Place    | Note
-------+----------+-------------------------------------------
     0 | D:1      | sankara the Draconian Enchanter began the quest for the Orb.
     0 | D:1      | Reached XP level 1. HP: 14/14 MP: 3/3
   113 | D:1      | Reached XP level 2. HP: 13/20 MP: 0/5
   115 | D:1      | Reached skill level 3 in Stealth
   249 | D:1      | Learned a level 2 spell: Ensorcelled Hibernation
   787 | D:1      | Reached XP level 3. HP: 24/26 MP: 6/6
  1338 | D:1      | Learned a level 3 spell: Confuse
  1719 | D:2      | Reached XP level 4. HP: 33/33 MP: 3/8
  2173 | D:2      | Found a bloodstained altar of Trog.
  2305 | D:3      | Noticed Natasha
  2326 | D:3      | Reached XP level 5. HP: 16/38 MP: 3/9
  2330 | D:3      | Killed Natasha
  2436 | D:3      | Noticed Natasha
  2567 | D:3      | Killed Natasha
  2567 | D:3      | Reached skill level 4 in Stealth
  2806 | D:3      | Learned a level 3 spell: Tukima's Dance
  2855 | D:3      | Reached skill level 1 in Fighting
  3079 | D:3      | Reached skill level 1 in Long Blades
  3311 | D:3      | Noticed Natasha
  3321 | D:3      | Killed Natasha
  3736 | D:2      | Slain by a worker ant

Vault maps used:
D:1:      onia_arrival_mini_spirals
D:2:      first_ration, serial_bayou_pond_a, trog_book
D:3:      minmay_diamond_boxcup, uniq_natasha

Skill      XL: |  1  2  3  4  5 |
---------------+----------------+-----
Stealth        | 3 4 |  4.1
Hexes          | 3 |  3.9
Spellcasting   | 3 |  3.4
Fighting       | 1 |  1.2
Long Blades    | 1 |  1.1
Short Blades   | |  1.0
Dodging        | |  1.7
Shields        | |  0.4

Action                   |  1- 3 |  4- 6 || total
-------------------------+-------+-------++-------
Melee: Dagger            |    89 |   153 ||   242
       Tailslap          |     4 |     8 ||    12
Throw: Stone             |     3 |       ||     3
 Cast: Corona            |     5 |     1 ||     6
       Ensorcelled Hiber |    24 |    26 ||    50
       Confuse           |       |     4 ||     4
       Tukima's Dance    |       |     1 ||     1
Evoke: Wand              |       |     2 ||     2
  Use: Potion            |       |     3 ||     3
 Stab: Sleeping          |    15 |    15 ||    30
       Confused          |       |     1 ||     1
  Eat: Chunk             |     4 |     8 ||    12
Armor: Skin              |    30 |    38 ||    68
Dodge: Dodged            |    68 |    89 ||   157
Block: Buckler           |       |     8 ||     8

Table legend:
 A = Spawn XP
 B = Non-spawn XP
 C = Spawn XP percentage of total XP
 D = Spawn monster count
 E = Non-spawn monster count
 F = Spawn count percentage of total count
 G = Total turns spent on level
                    A         B        C        D         E        F      G
               +---------+---------+-------+---------+---------+-------+---------
         Total |       0 |     372 |   0.0 |       0 |      69 |   0.0 |  3736
               +---------+---------+-------+---------+---------+-------+---------
           D:1 |       0 |      52 |   0.0 |       0 |      29 |   0.0 |  1134
           D:2 |       0 |     137 |   0.0 |       0 |      18 |   0.0 |  1472
           D:3 |       0 |     183 |   0.0 |       0 |      22 |   0.0 |  1130
               +---------+---------+-------+---------+---------+-------+---------
